 Dungeon Crawl Stone Soup version 0.30-a0-1116-gebefce21f7 (webtiles) character file.

Game seed: 12018959033111030239

119 Barriton the Conjurer (level 4, 0/33 HPs)
             Began as a Draconian Conjurer on Apr 21, 2023.
             Slain by a gnoll
             ... wielding a +0 flail
              (9 damage)
             ... on level 4 of the Dungeon.
             The game lasted 00:04:37 (3438 turns).

Barriton the Conjurer (Draconian Conjurer)          Turns: 3438, Time: 00:04:38

Health: 0/33       AC:  5    Str: 10    XL:     4   Next: 74%
Magic:  3/8        EV: 12    Int: 18    God:
Gold:   136        SH:  0    Dex: 11    Spells: 7/8 levels left

rFire   . . .      SeeInvis .    c - +2 demon blade (flame)
rCold   . . .      Faith    .    (no shield)
rNeg    . . .      Spirit   .    (body armour unavailable)
rPois   .          Reflect  .    (helmet restricted)
rElec   .          Rampage  .    g - scarf {shadows}
rCorr   .                        (no gloves)
Will    .....                    (no boots)
Stlth   ++                       (no amulet)
HPRegen 0.25/turn                (no ring)
MPRegen 0.11/turn                (no ring)

@: no status effects
A: AC +5, unfitting armour, cold-blooded
a: no special abilities


You were on level 4 of the Dungeon.
You visited 1 branch of the dungeon, and saw 4 of its levels.

You collected 136 gold pieces.

Inventory:

Hand Weapons
 c - a +2 demon blade of flaming (weapon)
Armour
 g - a scarf of shadows (worn)
Scrolls
 b - a scroll of blinking
Potions
 a - a potion of magic
 d - 2 potions of curing
 e - 2 potions of resistance
 f - a potion of mutation {unknown}
 h - a potion of brilliance {unknown}
 i - a potion of ambrosia {unknown}
 j - a potion of haste {unknown}


   Skills:
 + Level 0.2 Fighting
 + Level 1.5 Long Blades
 + Level 2.0 Dodging
 - Level 2.1 Stealth
 + Level 2.6 Spellcasting
 + Level 5.2 Conjurations


You had 7 spell levels left.
You knew the following spells:

 Your Spells              Type           Power      Damage    Failure   Level
a - Magic Dart            Conj           84%        1d7       1%          1

Your spell library contained the following spells:

 Spells                   Type           Power      Damage    Failure   Level
 Searing Ray              Conj           42%        2d6       3%          2
 Sandblast                Erth           4%         2d4       17%         1
 Dazzling Flash           Conj/Hex       22%        N/A       17%         3
 Stone Arrow              Conj/Erth      22%        3d8       17%         3
 Passwall                 Tmut/Erth      1%         N/A       26%         2
 Fulminant Prism          Conj/Hex       5%         3d7       50%         4
 Iskenderun's Mystic Bla  Conj/Tloc      11%        2d4       50%         4


Dungeon Overview and Level Annotations

Branches:
Dungeon (4/15)
 Temple: D:4-7

Altars:
Dithmenos
Hepliaklqana
Qazlal
Trog


Innate Abilities, Weirdness & Mutations

Your plain brown scales are hard. (AC +5)
You cannot fit into any form of body armour.
You are cold-blooded and may be slowed by cold attacks.


Message History

No target in view!
Found a spear. 2 goblins and a gnoll come into view.
The gnoll moves out of view.
There are monsters nearby!
The magic dart hits the goblin.
The goblin is severely wounded.
The magic dart hits the goblin.
The goblin is heavily wounded.
The goblin shouts!
You hear a shout! x8
A goblin comes into view. It is wielding a +0 club.
The magic dart hits the goblin.
You kill the goblin!
The magic dart hits the goblin.
You kill the goblin!
The magic dart hits the goblin.
The goblin is severely wounded.
A gnoll comes into view. It is wielding a +0 flail.
The magic dart hits the goblin!
You kill the goblin!
A hobgoblin comes into view.
The gnoll throws a stone.
The stone hits you.
A hobgoblin comes into view.
A hobgoblin comes into view.
The gnoll throws a stone.
The stone hits you.
A hobgoblin and a gnoll come into view.
The hobgoblin shouts!
The gnoll barely misses you. The gnoll hits you with a +0 spear.
A goblin comes into view. It is wielding a +0 dagger.
You see here a +0 club.
The gnoll attacks as you move away! The gnoll closely misses you.
The gnoll shouts!
You hear a shout!
The gnoll hits you from afar with a +0 spear.
The gnoll attacks as you move away! The gnoll hits you with a +0 flail!
The gnoll barely misses you. The gnoll closely misses you.
Unknown command.
The gnoll attacks as you move away! The gnoll hits you with a +0 flail!
* * * LOW HITPOINT WARNING * * *
It was a potion of curing.
You feel better. The gnoll hits you with a +0 flail!
You die...

..#.####............###.
#......#................
###.##.#...............#
.##.##..)........#.....#
..#.###..........#.....##
....####.........#.......
........####.............
...####.# #####.#.#####
..## #. #@#.# ..# # #g#.#
..# #.###g#.# .##
#.....g.#######. ..
#####........... ..
#.###g###### .. #.....g#
.. #####).# ..
............# #gg#


You could see a gnoll and 2 hobgoblins.

Vanquished Creatures
  A hound (D:4)
  2 adders (D:3)
  2 dart slugs
  An orc (D:3)
  6 endoplasms
  3 giant cockroaches (D:2)
  9 goblins
  5 hobgoblins
  8 jackals
  5 kobolds
  2 quokkas
  2 ball pythons
  6 bats
  3 frilled lizards
  6 rats
61 creatures vanquished.

Notes
Turn   | Place    | Note
-------+----------+-------------------------------------------
     0 | D:1      | Barriton the Draconian Conjurer began the quest for the
                  | Orb.
     0 | D:1      | Reached XP level 1. HP: 14/14 MP: 3/3
   231 | D:1      | Reached XP level 2. HP: 20/20 MP: 3/5
  1180 | D:2      | Found a stormy altar of Qazlal.
  1355 | D:2      | Found a faded altar of an unknown god.
  1502 | D:2      | Reached XP level 3. HP: 26/26 MP: 3/6
  2231 | D:3      | Reached skill level 5 in Conjurations
  2374 | D:3      | Reached skill level 1 in Long Blades
  2421 | D:3      | Found a faded altar of an unknown god.
  2427 | D:3      | Found a faded altar of an unknown god.
  2429 | D:3      | Found a hazy altar of Hepliaklqana.
  2431 | D:3      | Found a shadowy altar of Dithmenos.
  2434 | D:3      | Found a bloodstained altar of Trog.
  2670 | D:3      | Reached XP level 4. HP: 33/33 MP: 4/7
  3438 | D:4      | Slain by a gnoll

Illustrated notes

Levels and vault maps discovered:
D:1:      kennysheep_arrival_seaside, layout_basic
D:2:      layout_basic, ebering_ecumenical_altar_abandoned, basic_altar,
          minmay_worlds_worst_comb
D:3:      layout_basic, chequers_temple_overflow_minitemple,
          minmay_misc_feat_four_crosses
D:4:      layout_basic, uniq_robin, uniq_blork_the_orc

Skill      XL: |  1  2  3  4 |
---------------+-------------+-----
Stealth        | 2 |  2.1
Conjurations   | 5 |  5.2
Long Blades    | 1 |  1.5
Dodging        | 2 |  2.0
Fighting       | |  0.2
Spellcasting   | |  2.6

Action                     |  1- 3 |  4- 6 || total
---------------------------+-------+-------++-------
  Melee: Demon blade       |    21 |    16 ||    37
         Tailslap          |     3 |     2 ||     5
         Punch             |       |     1 ||     1
   Cast: Magic Dart        |    71 |    36 ||   107
    Use: Scroll            |     5 |     2 ||     7
         Potion            |       |     1 ||     1
 Armour: Skin              |     6 |     2 ||     8
  Dodge: Dodged            |    16 |    21 ||    37

Table legend: (Time is in decaauts)
 A = Elapsed time spent in this place.
 B = Non-inter-level travel time spent in this place.
 C = Inter-level travel time spent in this place.
 D = Time resting spent in this place.
 E = Time spent auto-exploring this place.
 F = Levels seen in this place.
 G = Mean time per level.
                   A        B        C        D        E       F      G
               +--------+--------+--------+--------+--------+-----+--------+
         Total |   3448 |   3379 |     69 |      0 |   3050 |   4 |  862.0 |
       Dungeon |   3448 |   3379 |     69 |      0 |   3050 |   4 |  862.0 |
               +--------+--------+--------+--------+--------+-----+--------+

Top non-repeatable levels by time:
     D:3: 1206 daAuts
     D:1: 1154 daAuts
     D:2: 710 daAuts
     D:4: 376 daAuts
